 Dungeon Crawl Stone Soup version 0.29.1-13-g9f3cf754e1 (webtiles) character file.

Game seed: 15103599901696587456

8 DemonSlayer the Digger (level 2, -1/19 HPs)
             Began as a Demonspawn Earth Elementalist on Jan 24, 2023.
             Slain by a kobold
             ... wielding a +0 short sword of speed
              (2 damage)
             ... on level 1 of the Dungeon.
             The game lasted 00:01:38 (351 turns).

DemonSlayer the Digger (DsEE)                        Turns: 351, Time: 00:01:39

Health: -1/19      AC:  2    Str:  8    XL:     2   Next: 0%
Magic:  4/5        EV: 12    Int: 16    God:
Gold:   7          SH:  0    Dex: 13    Spells: 4/5 levels left

rFire   + . .      SeeInvis .   c - staff of fire
rCold   . . .      Faith    .   (no shield)
rNeg    . . .      Spirit   .   a - +0 robe
rPois   .          Reflect  .   (no helmet)
rElec   .          Harm     .   (no cloak)
rCorr   .          Rampage  .   (no gloves)
Will    .....                   (no boots)
Stlth   ++........              (no amulet)
HPRegen 0.06/turn               (no ring)
MPRegen 0.09/turn               (no ring)

@: flying
A: demonic guardian 1
a: no special abilities


You were on level 1 of the Dungeon.
You visited 1 branch of the dungeon, and saw 1 of its levels.

You collected 7 gold pieces.

Inventory:

Armour
 a - a +0 robe (worn)
Magical Staves
 c - a staff of fire (weapon)
Scrolls
 d - a scroll of magic mapping {unknown}
 g - a scroll of amnesia {unknown}
Potions
 b - a potion of magic


   Skills:
 + Level 1.8 Dodging
 + Level 1.8 Stealth
 + Level 2.1 Spellcasting
 + Level 0.8 Transmutations
 + Level 3.0 Earth Magic


You had 4 spell levels left.
You knew the following spells:

 Your Spells              Type           Power      Damage    Failure   Level
a - Sandblast             Erth           22%        2d7       6%          1

Your spell library contained the following spells:

 Spells                   Type           Power      Damage    Failure   Level
 Passwall                 Tmut/Erth      6%         N/A       14%         2
 Stone Arrow              Conj/Erth      12%        3d7       32%         3
 Ignite Poison            Fire/Tmut/Pois 3%         N/A       50%         3
 Conjure Flame            Conj/Fire      2%         6-21      52%         3
 Petrify                  Tmut/Erth      8%         N/A       65%         4
 Sticky Flame             Conj/Fire      2%         2d3       90%         4


Dungeon Overview and Level Annotations

Branches:
Dungeon (1/15)

Altars:


Innate Abilities, Weirdness & Mutations

A weak demonic guardian rushes to your aid.


Message History

A kobold comes into view.
It is wielding a +0 short sword of speed.
A kobold is nearby!
A kobold is nearby!
A kobold is nearby!
A kobold is nearby!
A kobold is nearby!
You can't see any susceptible monsters within range! (Use Z to cast anyway.)
A gnoll comes into view. It is wielding a +0 whip.
Found a stone.
The gnoll shouts!
The kobold shouts!
An endoplasm comes into view.
The blast of sand hits the gnoll.
The gnoll is heavily wounded.
The endoplasm quivers.
Found 13 gold pieces.
The blast of sand hits the gnoll.
The gnoll is almost dead.
The gnoll barely misses you. The kobold misses you.
The kobold hits you with a +0 short sword of speed.
A goblin comes into view. It is wielding a +0 dagger.
The gnoll hits you with a +0 whip! The kobold closely misses you.
You are too injured to fight recklessly!
The kobold attacks as you move away! The kobold closely misses you.
The gnoll attacks as you move away! The gnoll hits you with a +0 whip!
* * * LOW HITPOINT WARNING * * *
It was a potion of flight.
You feel very buoyant.
You fly up into the air.
The kobold barely misses you.
It was a potion of curing.
You feel better. The kobold misses you. The kobold hits you but does no damage.
The kobold attacks as you move away!
The kobold hits you with a +0 short sword of speed.
* * * LOW HITPOINT WARNING * * *
The kobold attacks as you move away!
The kobold hits you with a +0 short sword of speed.
* * * LOW HITPOINT WARNING * * *
The kobold attacks as you move away! The kobold barely misses you.
The kobold attacks as you move away!
The kobold hits you with a +0 short sword of speed.
You die...

#.#[..~........ #.#
#.###.~~~~.#######.# #..
#....~......##.# ###
#####~~~~~~~~#.# #.#
####...###.# #.##
#...###.#########.).
#########...................
#.......#...K.g....######...
#.......#..@#.####.### #...
#.....>.#.....#......## #...
#.......#...#.#.####..###...
#.).....รท...#.#....#......##
#.......###.#...(#.#..###.#
#.......(##.####.#(#... ..#
#............)...#....#....
#.#########...####......####
#.# ............######


You could see a gnoll and a kobold.

Vanquished Creatures
  2 endoplasms (D:1)
  A jackal (D:1)
  A quokka (D:1)
  A frilled lizard (D:1)
  A goblin (D:1)
  A kobold (D:1)
  A rat (D:1)
8 creatures vanquished.

Notes
Turn   | Place    | Note
-------+----------+-------------------------------------------
     0 | D:1      | DemonSlayer the Demonspawn Earth Elementalist began the
                  | quest for the Orb.
     0 | D:1      | Reached XP level 1. HP: 13/13 MP: 3/3
   266 | D:1      | Reached skill level 3 in Earth Magic
   302 | D:1      | Gained mutation: A weak demonic guardian rushes to your
                  | aid. [demonic ancestry]
   302 | D:1      | Reached XP level 2. HP: 19/19 MP: 3/5
   351 | D:1      | Slain by a kobold

Illustrated notes

Levels and vault maps discovered:
D:1:      psy_arrival_radial02, layout_rooms, st_stairs_2, minmay_heptomino_l4

Skill      XL: |  1 |
---------------+----+-----
Earth Magic    | 3 |  3.0
Dodging        | |  1.8
Stealth        | |  1.8
Spellcasting   | |  2.1
Transmutations | |  0.8

Action                   || total
-------------------------++-------
Melee: Unarmed           ||     1
 Cast: Sandblast         ||    13
  Use: Potion            ||     2
Armor: Robe              ||     2
Dodge: Dodged            ||     9
